 Dungeon Crawl Stone Soup version 0.19.0-16-g73b5abf (webtiles) character file.

112 Aksej the Skirmisher (level 4, -10/35 HPs)
             Began as a Demonspawn Fighter on Nov 11, 2016.
             Killed by divine providence
             ... invoked by an orc priest
              (14 damage)
             ... on level 3 of the Dungeon.
             The game lasted 00:05:07 (1652 turns).

Aksej the Skirmisher (Demonspawn Fighter)           Turns: 1652, Time: 00:05:08

Health: -10/35     AC: 12    Str: 16    XL:     4   Next: 64%
Magic:  4/4        EV:  9    Int:  9    God:
Gold:   130        SH:  0    Dex: 14    Spells: 0 memorised, 3 levels left

rFire  . . .     SeeInvis .     a - +0 long sword
rCold  . . .     Gourm    .     b - +0 scale mail
rNeg   . . .     Faith    .     (no shield)
rPois  .         Spirit   .     e - +1 helmet
rElec  .         Reflect  .     q - +0 cloak
rCorr  .         Harm     .     h - +0 pair of gloves
MR     .....                    n - +0 pair of boots
Stlth  ..........               (no amulet)
                                (no ring)
                                (no ring)

@: no status effects
A: powered by death 1
a: no special abilities


You were on level 3 of the Dungeon.
You were hungry.

You visited 1 branch of the dungeon, and saw 3 of its levels.

You collected 130 gold pieces.

Inventory:

Hand Weapons
 a - a +0 long sword (weapon)
Missiles
 k - 6 tomahawks (quivered)
Armour
 b - a +0 scale mail (worn)
 e - a +1 helmet (worn)
 h - a +0 pair of gloves (worn)
 n - a +0 pair of boots (worn)
 q - a +0 cloak (worn)
Scrolls
 g - a scroll of remove curse
 o - a scroll of magic mapping
Potions
 d - a potion of might
 i - a potion of magic {unknown}
 j - 2 potions of haste
 l - 2 potions of agility
 p - a potion of heal wounds
Comestibles
 c - 2 royal jellies
 f - a bread ration


   Skills:
 + Level 3.5 Fighting
 * Level 3.4 Long Blades
 + Level 3.3 Armour
 + Level 0.1 Dodging
 + Level 0.4 Stealth
   Level 2.6 Shields


You had 3 spell levels left.
You didn't know any spells.

Dungeon Overview and Level Annotations

Branches:
Dungeon (3/15)

Altars:
Xom


Innate Abilities, Weirdness & Mutations

You regenerate a little health from kills.


Message History

The orc priest is severely wounded.
The orc priest completely misses you.
You hit the orc priest but do no damage.
The orc priest is severely wounded.
The orc priest invokes the aid of Beogh against you.
Beogh smites you!
You hit the orc priest.
The orc priest is severely wounded.
The orc priest hits you with a hand axe.
You hit the orc priest but do no damage.
The orc priest is severely wounded.
The orc priest looks satisfied for a moment.
The orc priest invokes the aid of Beogh against you.
Pain shoots through your body!
* * * LOW HITPOINT WARNING * * *
You hit the orc priest but do no damage.
The orc priest is severely wounded.
The orc priest invokes the aid of Beogh against you.
Beogh smites you!
You die...

#.#.#.####.#
#.#.#...##.#
#.#(###.##.#
#####.#........#
...#.#####.#..#
#######.#.# ...#..# #
>.........# #.#.#...
....#######.#####.###.##
.......@oo#.....# #...
.....####o...#.## ####
..! ###.## # # ....
##### #o### #....


.oo #.### #.# ... #.##. ... .o.. #.... #.# ... ####. You could see an orc priest
and 2 orcs.

Vanquished Creatures
  An orc wizard (D:3)
  Ijyb (D:2)
  An adder (D:2)
  2 oozes (D:2)
  A worm (D:2)
  4 dart slugs
  An orc (D:3)
  A giant cockroach (D:2)
  6 goblins (D:1)
  4 hobgoblins
  5 kobolds
  4 bats
  2 frilled lizards (D:2)
  A rat (D:2)
34 creatures vanquished.

Notes
Turn   | Place    | Note
-------+----------+-------------------------------------------
     0 | D:1      | Aksej the Demonspawn Fighter began the quest for the Orb.
     0 | D:1      | Reached XP level 1. HP: 18/18 MP: 1/1
   137 | D:1      | Gained mutation: You regenerate a little health from kills. [demonic ancestry]
   137 | D:1      | Reached XP level 2. HP: 6/24 MP: 2/2
   925 | D:2      | Reached XP level 3. HP: 26/29 MP: 3/3
  1213 | D:2      | Noticed Ijyb
  1222 | D:2      | Killed Ijyb
  1222 | D:2      | Reached XP level 4. HP: 34/35 MP: 4/4
  1272 | D:2      | Found a shimmering altar of Xom.
  1274 | D:2      | Found a shimmering altar of Xom.
  1274 | D:2      | Found a stormy altar of Qazlal.
  1276 | D:2      | Found a shattered altar of Ashenzari.
  1276 | D:2      | Found a shimmering altar of Xom.
  1276 | D:2      | Found a deep blue altar of Sif Muna.
  1652 | D:3      | Killed from afar by an orc priest

Skill      XL: |  1  2  3 |
---------------+----------+-----
Long Blades    | 2 3 |  3.4
Armour         | 3 |  3.3
Fighting       | |  3.5
Dodging        | |  0.1
Stealth        | |  0.4
Shields        | |  2.6

Action                   |  1- 3 |  4- 6 || total
-------------------------+-------+-------++-------
Melee: Long sword        |    97 |    22 ||   119
  Use: Scroll            |     6 |     5 ||    11
  Eat: Chunk             |     1 |     1 ||     2
Armor: Scale mail        |    38 |     9 ||    47
Dodge: Dodged            |    38 |     6 ||    44
       Rpst.: Long sword |    11 |     1 ||    12
